 Dungeon Crawl Stone Soup version 0.26.1-11-gd32895ea62 (webtiles) character file.

Game seed: 14784031104638427280

765 worthlessgem the Geomancer (level 8, -5/52 HPs)
             Began as a Formicid Earth Elementalist on Sept 21, 2021.
             Was an Initiate of Ashenzari.
             Slain by Duvessa
             ... wielding a +0 rapier of electrocution
              (14 damage)
             ... on level 6 of the Dungeon.
             The game lasted 00:53:20 (6680 turns).

worthlessgem the Geomancer (FoEE)                   Turns: 6680, Time: 00:53:21

Health: -5/52      AC:  9    Str: 13    XL:     8   Next: 8%
Magic:  23/23      EV: 11    Int: 17    God:    Ashenzari [......]
Gold:   252        SH:  0    Dex: 11    Spells: 5/15 levels left

rFire    . . .     SeeInvis +   l - +2 dagger (elec)
rCold    . . .     Faith    .   (no shield)
rNeg     . . .     Spirit   .   g - +0 leather armour
rPois    .         Reflect  .   (helmet unavailable)
rElec    .         Harm     .   (no cloak)
rCorr    .         Rampage  .   C - +1 pair of gloves
Will     .....                  (no boots)
Stlth    ++........             e - amulet of magic regeneration (curse)
HPRegen  0.17/turn              q - +4 ring of protection
MPRegen  0.43/turn              p - ring of magical power (curse)

@: no status effects
A: permanent stasis, dig shafts and tunnels, four strong arms, antennae 3
a: Dig, Shaft Self, Renounce Religion, Curse Item


You were on level 6 of the Dungeon.
You worshipped Ashenzari.
Ashenzari was noncommittal.
You visited 1 branch of the dungeon, and saw 6 of its levels.

You collected 252 gold pieces.

Inventory:

Hand Weapons
 l - a +2 dagger of electrocution (weapon)
 s - a +2 dagger of holy wrath
Missiles
 a - 40 sling bullets
 b - 102 stones
 f - 55 poisoned darts (quivered)
 n - 7 silver boomerangs
 r - 5 boomerangs
 A - 4 datura-tipped darts
 D - a throwing net
Armour
 g - a +0 leather armour (worn)
 t - a +1 kite shield of reflection
 C - a +1 pair of gloves (worn)
Jewellery
 e - a cursed amulet of magic regeneration (around neck)
 p - a cursed ring of magical power (right hand)
 q - a +4 ring of protection (left hand)
Wands
 v - a wand of enslavement (3)
 B - a wand of acid (7)
Scrolls
 h - a scroll of enchant weapon {unknown}
 k - 2 scrolls of fear
 w - a scroll of immolation
 x - a scroll of enchant armour
Potions
 c - a potion of lignification
 d - a potion of degeneration
 i - 2 potions of mutation
 j - 7 potions of curing
 m - a potion of brilliance
 o - a potion of cancellation
 u - a potion of magic {unknown}
 z - a potion of haste {unknown}
 E - a potion of ambrosia {unknown}


   Skills:
 - Level 2.0 Short Blades
 + Level 0.4(1.3) Long Blades
 - Level 1.7 Dodging
 + Level 2.6 Stealth
 - Level 4.0 Spellcasting
 - Level 3.0 Conjurations
 + Level 2.4 Transmutations
 - Level 8.0 Earth Magic


You had 5 spell levels left.
You knew the following spells:

 Your Spells              Type           Power        Failure   Level
a - Sandblast             Erth           60%          1%          1
b - Passwall              Tmut/Erth      17%          3%          2
c - Stone Arrow           Conj/Erth      44%          6%          3
d - Petrify               Tmut/Erth      21%          24%         4

Your spell library contained the following spells:

 Spells                   Type           Power        Failure   Level
 Shock                    Conj/Air       32%          11%         1
 Lee's Rapid Deconstruct  Erth           15%          21%         5
 Static Discharge         Conj/Air       8%           32%         3
 Airstrike                Air            1%           89%         4
 Lightning Bolt           Conj/Air       4%           96%         5
 Swiftness                Air            Unusable     N/A         2

Dungeon Overview and Level Annotations

Branches:
Dungeon (6/15)
 Temple: D:4-7

Altars:
Ashenzari
Qazlal
Ru
Vehumet
Wu Jian

Shops:
D:4 !

Annotations:
D:6 Duvessa


Innate Abilities, Weirdness & Mutations

You cannot be hasted, slowed, berserked, paralysed or teleported.
You can dig through walls and to a lower floor.
Your four strong arms can wield two-handed weapons with a shield.
You have a pair of large antennae on your head. (SInv)


Message History

Okay, then.
Aiming: Corrosive Bolt
Press: ? - help, Shift-Dir - straight line, f - Duvessa
Aim: Duvessa, wielding a +0 rapier of electrocution, wearing a +0 scale mail and carrying a wand of polymorph (12) (berserk, 21% to evade)
The bolt of acid hits Duvessa!
Duvessa is splashed with acid.
The acid corrodes Duvessa!
Duvessa is lightly wounded.
Duvessa hits you with a +0 rapier of electrocution!
You are electrocuted!
* * * LOW HITPOINT WARNING * * *
Okay, then.
Aiming: Corrosive Bolt
Press: ? - help, Shift-Dir - straight line, f/p - Duvessa
Aim: Duvessa, wielding a +0 rapier of electrocution, wearing a +0 scale mail and carrying a wand of polymorph (12) (lightly wounded, berserk, covered in acid, 21% to evade)
The bolt of acid hits Duvessa!
Duvessa is splashed with acid.
Duvessa seems to be corroded for longer.
Duvessa is heavily wounded.
Duvessa closely misses you. Duvessa hits you but does no damage.
You are electrocuted!
You die...

#+###{.!.....# #...
#.....{..[.).# ####...
#.#######.......# ##.##...
#........#+#+#+####..##...
######.###.##.....##.##...
#.# #........+....... #.#
##......########
#.#####......#
##..e@...###### #.########
##)###### #.###.#.#
##.#.#.## ##.#### ###


You could see Duvessa (berserk, corroded).

Vanquished Creatures
  Edmund (D:4)
  An ice beast (D:4)
  An ogre (D:4)
  A bullfrog (D:4)
  A howler monkey (D:2)
  A hound (D:4)
  A bullfrog skeleton (D:4)
  An iguana (D:4)
  A worker ant (D:2)
  6 gnolls
  10 adders
  2 oozes
  An adder zombie (D:2)
  A worm (D:4)
  A dart slug (D:2)
  2 leopard geckos
  7 orcs (D:4)
  2 ball pythons (D:1)
  3 bats
  6 giant cockroaches
  8 goblins
  2 hobgoblins (D:1)
  2 jackals (D:1)
  A quokka (D:2)
  8 frilled lizards
  11 kobolds
  A leopard gecko skeleton (D:4)
  A quokka skeleton (D:4)
  11 rats
95 creatures vanquished.

Vanquished Creatures (collateral kills)
  Dowan (D:6)
1 creature vanquished.

Vanquished Creatures (others)
  2 plants (D:3)
2 creatures vanquished.

Grand Total: 98 creatures vanquished

Notes
Turn   | Place    | Note
-------+----------+-------------------------------------------
     0 | D:1      | worthlessgem the Formicid Earth Elementalist began the
                  | quest for the Orb.
     0 | D:1      | Reached XP level 1. HP: 13/13 MP: 3/3
   386 | D:1      | Reached skill level 4 in Earth Magic
   386 | D:1      | Reached XP level 2. HP: 9/19 MP: 3/5
   569 | D:1      | Learned a level 2 spell: Passwall
   587 | D:2      | Noticed a howler monkey
   588 | D:2      | Found a stormy altar of Qazlal.
   595 | D:2      | Found a transporter.
   603 | D:2      | Found a transporter.
  1005 | D:1      | Reached XP level 3. HP: 14/24 MP: 6/6
  2302 | D:1      | Learned a level 3 spell: Stone Arrow
  2469 | D:2      | Reached XP level 4. HP: 27/30 MP: 6/8
  2473 | D:2      | Reached skill level 5 in Earth Magic
  2577 | D:2      | Reached skill level 1 in Short Blades
  3233 | D:2      | Reached XP level 5. HP: 29/35 MP: 6/9
  3650 | D:2      | Learned a level 4 spell: Petrify
  3958 | D:3      | Found a sacrificial altar of Ru.
  4173 | D:3      | Found an ornate altar of the Wu Jian Council.
  4468 | D:4      | Found Inumagif's Distillery.
  4682 | D:4      | Noticed a bullfrog
  4693 | D:4      | Killed a bullfrog
  4694 | D:4      | Reached skill level 1 in Conjurations
  4694 | D:4      | Reached skill level 6 in Earth Magic
  4694 | D:4      | Reached XP level 6. HP: 20/41 MP: 8/11
  4839 | D:4      | Noticed an ogre
  4933 | D:4      | Noticed Edmund
  5016 | D:4      | Killed Edmund
  5017 | D:4      | Reached XP level 7. HP: 31/46 MP: 10/12
  5291 | D:4      | Found a radiant altar of Vehumet.
  5433 | D:4      | Found a broken altar of Ashenzari.
  5616 | D:4      | Reached skill level 7 in Earth Magic
  6054 | D:5      | Entered Level 5 of the Dungeon
  6128 | D:2      | Reached skill level 8 in Earth Magic
  6128 | D:2      | Reached XP level 8. HP: 44/52 MP: 14/14
  6265 | D:4      | Became a worshipper of Ashenzari the Shackled
  6622 | D:6      | Noticed Duvessa
  6622 | D:6      | Noticed Dowan
  6671 | D:6      | Killed Dowan
  6680 | D:6      | Slain by Duvessa

Illustrated notes

Levels and vault maps discovered:
D:1:      dpeg_arrival_court, layout_basic
D:2:      layout_basic, gammafunk_temple_overflow_arena, minmay_small_reverse_x
D:3:      layout_loops_ring, nicolae_ru_awakened_eye, nzn_wu_jian_council_hall,
          serial_bayou_pond_a
D:4:      layout_rooms, kennysheep_little_box, lemuel_doored_altar,
          serial_shops, shop, minmay_manual_moon, uniq_edmund
D:5:      layout_basic, lemuel_crystal_altar, serial_shops, shop
D:6:      layout_basic, kennysheep_doodads, chequers_hall_statues_corner_a,
          uniq_duvessa

Skill      XL: |  1  2  3  4  5  6  7 |
---------------+----------------------+-----
Earth Magic    | 4 5 6 8 |  8.0
Spellcasting   | 3 4 |  4.0
Short Blades   | 1 2 |  2.0
Conjurations   | 1 2 3 |  3.0
Transmutations | 2 |  2.4
Long Blades    | |  0.4
Dodging        | |  1.7
Stealth        | |  2.6

Action                   |  1- 3 |  4- 6 |  7- 9 || total
-------------------------+-------+-------+-------++-------
Melee: Unarmed           |    30 |       |       ||    30
       Falchion          |    43 |       |       ||    43
       Dagger            |    13 |    73 |    18 ||   104
Throw: Dart              |    11 |    20 |     7 ||    38
 Cast: Sandblast         |    13 |    20 |    17 ||    50
       Passwall          |     8 |     5 |    14 ||    27
       Petrify           |       |       |     1 ||     1
Invok: Curse Item        |       |       |     2 ||     2
 Abil: Dig               |    10 |     8 |     9 ||    27
Evoke: Wand              |       |     2 |     5 ||     7
  Use: Scroll            |       |     6 |     6 ||    12
 Stab: Sleeping          |     1 |     5 |     2 ||     8
Armor: Leather armour    |    20 |     8 |    11 ||    39
       Robe              |     1 |       |       ||     1
Dodge: Dodged            |    57 |    26 |    11 ||    94
       Rpst.: Falchion   |     7 |       |       ||     7
